 Dungeon Crawl Stone Soup version 0.31-a0-1620-gcbf77bbcfc (webtiles) character file.

Game seed: 1305875468222818842

271 Newt the Shooter (level 6, 0/40 HPs)
             Began as a Kobold Hunter on Jan 11, 2024.
             Was an Initiate of Hepliaklqana.
             Killed by divine providence
             ... invoked by an orc priest
              (13 damage)
             ... on level 3 of the Dungeon.
             The game lasted 00:01:56 (1972 turns).

Newt the Shooter (Kobold Hunter)                    Turns: 1972, Time: 00:01:57

Health: 0/40       AC:  5    Str:  9    XL:     6   Next: 47%
Magic:  6/6        EV: 15    Int: 10    God:    Hepliaklqana [......]
Gold:   250        SH:  0    Dex: 26    Spells: 5/5 levels left

rFire   . . .        a - +0 shortbow
rCold   . . .        (shield currently unavailable)
rNeg    . . .        c - +0 leather armour
rPois   .            h - +0 helmet
rElec   .            f - +0 cloak
rCorr   .            (no gloves)
SInv    .            (no boots)
Will    .....        (no amulet)
Stlth   +++          j - +6 ring of dexterity
HPRegen 0.26/turn    (no ring)
MPRegen 0.10/turn

%: no passive effects
@: no status effects
A: small, no large weapons, nightstalker 3
a: Renounce Religion


You were on level 3 of the Dungeon.
You worshipped Hepliaklqana.
Hepliaklqana was noncommittal.
You visited 1 branch of the dungeon, and saw 3 of its levels.

You collected 250 gold pieces.

Inventory:

Hand Weapons
 a - a +0 shortbow (weapon)
Armour
 c - a +0 leather armour (worn)
 f - a +0 cloak (worn)
 h - a +0 helmet (worn)
Jewellery
 j - a +6 ring of dexterity (left hand)
Scrolls
 b - a scroll of butterflies
 e - a scroll of immolation
 i - a scroll of teleportation
 n - a scroll of fog {unknown}
 o - a scroll of vulnerability
Potions
 d - 2 potions of curing
 g - 2 potions of resistance {unknown}
 k - a potion of experience {unknown}
 l - a potion of enlightenment {unknown}
 m - a potion of berserk rage {unknown}


   Skills:
 - Level 5.0 Fighting
 + Level 7.9 Ranged Weapons
 - Level 2.4 Dodging
 - Level 1.3 Stealth


You had 5 spell levels left.
You didn't know any spells.
Your spell library was empty.

Dungeon Overview and Level Annotations

Branches:
Dungeon (3/15)

Altars:
Hepliaklqana
Vehumet


Innate Abilities, Weirdness & Mutations

You are small and have problems with some larger weapons.
You are completely attuned to the shadows.


Message History

There are monsters nearby!
You shoot an arrow. The orc shouts!
The orc priest shouts!
The arrow hits the orc priest.
The orc priest is moderately wounded.
You hear a shout! x2
The orc throws a boomerang.
The boomerang hits you.
Unknown command.
You see here a dart slug corpse.
You shoot an arrow. The arrow hits the orc priest.
The orc priest is heavily wounded.
The orc priest invokes the aid of Beogh against you.
Pain shoots through your body!
An orc comes into view. It is wielding a +0 short sword.
You shoot an arrow. The arrow hits the orc priest.
The orc priest is heavily wounded.
The orc priest looks braver for a moment.
The orc barely misses you.
You shoot an arrow. The arrow hits the orc priest!
The orc priest is almost dead.
The orc priest invokes the aid of Beogh against you.
Pain shoots through your body! The orc completely misses you.
You shoot an arrow. The arrow hits the orc priest.
You kill the orc priest!
The orc hits you from afar with a +0 spear.
The adder misses you.
You shoot an arrow. The arrow hits the adder!
You kill the adder!
You hear a shout!
An orc priest comes into view. It is wielding a +0 trident.
The orc hits you from afar with a +0 spear.
You shoot an arrow. The arrow hits the orc.
The orc is moderately wounded.
The orc hits you but does no damage. The orc barely misses you.
You shoot an arrow. The arrow hits the orc!
You kill the orc!
The orc barely misses you.
The orc priest mumbles some strange prayers to Beogh against you.
Beogh smites you!
You die...

#...#.##.....
##.#..##.#...
##..###(#†##
##..#.#......
#..#..##.#)#.
#.#...##.#.#) ####
##..###. #.#.
...o########.######.#.
...o$@...............>
....###############...
.... ###. .... #...
.... ###.## ##..^#
#..### #.## ##.#


You could see an orc priest and an orc.

Vanquished Creatures
  Sigmund (D:3)
  An orc priest (D:3)
  Robin (D:2)
  An adder (D:3)
  2 dart slugs
  A ribbon worm (D:2)
  2 orcs (D:3)
  5 bats
  3 endoplasms
  3 giant cockroaches (D:1)
  10 hobgoblins
  5 kobolds
  A quokka (D:3)
  4 ball pythons
  2 frilled lizards
  8 goblins
  2 rats
52 creatures vanquished.

Notes
Turn   | Place    | Note
-------+----------+-------------------------------------------
     0 | D:1      | Newt the Kobold Hunter began the quest for the Orb.
     0 | D:1      | Reached XP level 1. HP: 12/12 MP: 1/1
   236 | D:1      | Reached XP level 2. HP: 15/18 MP: 2/2
   913 | D:2      | Reached XP level 3. HP: 23/23 MP: 3/3
   951 | D:2      | Noticed Robin
   953 | D:2      | Killed Robin
   971 | D:2      | Reached XP level 4. HP: 16/30 MP: 4/4
  1336 | D:2      | Found a faded altar of an unknown god.
  1623 | D:3      | Noticed Sigmund
  1641 | D:3      | Killed Sigmund
  1642 | D:3      | Reached skill level 5 in Fighting
  1642 | D:3      | Reached skill level 7 in Ranged Weapons
  1642 | D:3      | Reached XP level 5. HP: 25/35 MP: 5/5
  1642 | D:3      | Reached XP level 6. HP: 29/40 MP: 6/6
  1686 | D:3      | Found a hazy altar of Hepliaklqana.
  1750 | D:3      | Became a worshipper of Hepliaklqana the Forgotten
  1937 | D:3      | Found a radiant altar of Vehumet.
  1972 | D:3      | Killed from afar by an orc priest

Illustrated notes

Levels and vault maps discovered:
D:1:      roderic_crop_circles_arrival_small, layout_loops_ring
D:2:      layout_basic, shapermc_ecumenical_altar_mp_vishouse,
          kennysheep_generic_room_15, uniq_robin
D:3:      layout_basic, marbit_many_paths, amcnicky_altar_gilded, uniq_sigmund

Skill      XL: |  1  2  3  4 |
---------------+-------------+-----
Fighting       | 3 4 5 |  5.0
Ranged Weapons | 7 |  7.9
Dodging        | |  2.4
Stealth        | |  1.3

Action                     |  1- 3 |  4- 6 || total
---------------------------+-------+-------++-------
   Fire: Shortbow          |    62 |    73 ||   135
    Use: Scroll            |     4 |     1 ||     5
         Potion            |     1 |     1 ||     2
 Armour: Leather armour    |    19 |    15 ||    34
  Dodge: Dodged            |    19 |    22 ||    41

Table legend: (Time is in decaauts)
 A = Elapsed time spent in this place.
 B = Non-inter-level travel time spent in this place.
 C = Inter-level travel time spent in this place.
 D = Time resting spent in this place.
 E = Time spent auto-exploring this place.
 F = Levels seen in this place.
 G = Mean time per level.
                   A        B        C        D        E       F      G
               +--------+--------+--------+--------+--------+-----+--------+
         Total |   1993 |   1935 |     58 |      0 |   1665 |   3 |  664.3 |
       Dungeon |   1993 |   1935 |     58 |      0 |   1665 |   3 |  664.3 |
               +--------+--------+--------+--------+--------+-----+--------+

Top non-repeatable levels by time:
     D:1: 837 daAuts
     D:2: 702 daAuts
     D:3: 452 daAuts
